 Dungeon Crawl Stone Soup version 0.30-a0-634-g8abc85282e (webtiles) character file.

Game seed: 4628772776618232252

245 timneilson the Shield-Bearer (level 6, -1/38 HPs)
             Began as a Gargoyle Fighter on Jan 15, 2023.
             Killed from afar by Natasha (6 damage)
             ... with a magic dart
             ... on level 4 of the Dungeon.
             The game lasted 00:06:05 (2990 turns).

timneilson the Shield-Bearer (Gargoyle Fighter)     Turns: 2990, Time: 00:06:06

Health: -1/38      AC: 14    Str: 21    XL:     6   Next: 10%
Magic:  6/6        EV:  7    Int:  9    God:
Gold:   252        SH:  4    Dex:  9    Spells: 5/5 levels left

rFire   . . .      SeeInvis .    a - +1 long sword
rCold   . . .      Faith    .    c - +0 buckler
rNeg    + . .      Spirit   .    j - +0 chain mail
rPois   ∞          Reflect  .    (no helmet)
rElec   +          Harm     .    (no cloak)
rCorr   .          Rampage  .    (no gloves)
Will    +....                    (no boots) Stlth
                                 (no amulet)
HPRegen 0.26/turn                (no ring)
MPRegen 0.10/turn                (no ring)

@: no status effects
A: sickness immunity, AC +4, negative energy resistance 1, electricity
resistance, torment resistance 1, petrification resistance, strong-willed 1
a: no special abilities


You were on level 4 of the Dungeon.
You visited 1 branch of the dungeon, and saw 4 of its levels.

You collected 315 gold pieces.
You spent 63 gold pieces at shops.

Inventory:

Hand Weapons
 a - a +1 long sword (weapon)
 k - a +2 hand axe of flaming
Armour
 c - a +0 buckler (worn)
 j - a +0 chain mail (worn)
Wands
 l - a wand of roots (9)
Scrolls
 b - a scroll of fog
 f - a scroll of identify
Potions
 d - a potion of might
 e - 2 potions of flight {unknown}
 g - 2 potions of brilliance
 i - a potion of berserk rage
 n - a potion of mutation


   Skills:
 + Level 4.0 Fighting
 * Level 3.2 Long Blades
 * Level 4.5 Armour
 + Level 1.3 Dodging
 * Level 4.6 Shields


You had 5 spell levels left.
You didn't know any spells.
Your spell library contained the following spells:

 Spells                   Type           Power      Damage    Failure   Level
 Wereblood                Tmut           0%         N/A       100%        2
 Summon Hydra             Summ           0%         N/A       100%        7
 Sublimation of Blood     Necr           Unusable   N/A       N/A         2

Dungeon Overview and Level Annotations

Branches:
Dungeon (4/15)
 Temple: D:4-7

Altars:
Trog

Shops:
D:1 :![   D:4 ?

Annotations:
D:4 Natasha


Innate Abilities, Weirdness & Mutations

You are immune to sickness and miasma.
Your stone body is resilient. (AC +4)
You are immune to poison.
You resist negative energy. (rN+)
You are resistant to electric shocks. (rElec)
You are resistant to unholy torment.
You are immune to petrification.
You are strong-willed. (Will+)


Message History

Deactivating autopickup; reactivate with Ctrl-A.
You closely miss something. Something claws you but does no damage.
You hit something but do no damage.
Something claws you but does no damage. x2
You closely miss something.
You hear a zap.
A puff of flame appears from out of thin air!
The puff of flame misses you.
You hit something.
You hear some strange, mumbled words.
You hear a zap.
A puff of flame appears from out of thin air!
The puff of flame hits you but does no damage.
You barely miss something.
The crimson imp hits you but does no damage.
You hear some strange, mumbled words.
You miss something. The crimson imp barely misses you.
Something claws you but does no damage.
You miss something.
The crimson imp shouts, "Return whence thou came, thou errant beetle-headed pignut!"
The crimson imp blinks!
Something claws you but does no damage.
You hear a zap.
A puff of flame appears from out of thin air!
The puff of flame hits you but does no damage.
You hit something. Something completely misses you.
The iron imp hits you but does no damage.
You closely miss something. Something claws you!
The iron imp picks up a beetle and eats it.
The iron imp barely misses you.
You miss something. Something claws you. The iron imp hits you!
* * * LOW HITPOINT WARNING * * *
You hear a zap.
A puff of flame appears from out of thin air!
The puff of flame hits you.
* * * LOW HITPOINT WARNING * * *
You closely miss something. Something completely misses you.
The iron imp hits you but does no damage.
You closely miss something.
You hear some strange, mumbled words.
A magic dart appears from out of thin air!
The magic dart hits you.
You die...

#...........#.# ..#..#.....######
#...#.).......#..#...#.....##...#
#...#†...##......#..............#
#...#........#?.#...............#
#...#.....##....#...............#
#...#................#.######...#
#...#...##...##....###...........
#...#......##..5{5# #.........#.
..###....##.....@# ##........#.
..# #..##........# #........#.
#............######........#.
#..........†...............#.
.......................##.#######
............###........ #..###
......####### ############...##
.....##### #. #.......###
#.......# #.. #..........


You could see an iron imp (summoned) and a crimson imp (summoned).

Vanquished Creatures
  A hound (D:4)
  A jelly (D:4)
  Natasha (D:4)
  4 gnolls
  2 adders (D:2)
  5 worms
  2 dart slugs
  4 orcs
  11 ball pythons
  3 bats
  5 endoplasms
  11 giant cockroaches
  7 goblins
  2 hobgoblins (D:2)
  3 jackals (D:1)
  4 kobolds
  3 quokkas
  5 frilled lizards
  7 rats
81 creatures vanquished.

Notes
Turn   | Place    | Note
-------+----------+-------------------------------------------
     0 | D:1      | timneilson the Gargoyle Fighter began the quest for the
                  | Orb.
     0 | D:1      | Reached XP level 1. HP: 14/14 MP: 1/1
    56 | D:1      | Reached XP level 2. HP: 19/19 MP: 2/2
    70 | D:1      | Found a faded altar of an unknown god.
   203 | D:1      | Found Luann's Distillery.
   231 | D:1      | Reached XP level 3. HP: 20/23 MP: 3/3
   352 | D:1      | Found Zoapn's Armour Boutique.
   498 | D:1      | Found Juvapyop's Book Shoppe.
   747 | D:1      | Bought a +0 chain mail for 63 gold pieces
   961 | D:2      | Reached XP level 4. HP: 28/28 MP: 4/4
  1766 | D:3      | Gained mutation: You are strong-willed. (Will+) [potion of
                  | mutation]
  1774 | D:3      | Reached skill level 1 in Dodging
  1779 | D:3      | Reached XP level 5. HP: 16/33 MP: 5/5
  2280 | D:3      | Noticed a moth of wrath
  2283 | D:3      | Found a bloodstained altar of Trog.
  2700 | D:4      | Found The Oracle's Delphic Readings.
  2903 | D:4      | Noticed Natasha
  2926 | D:4      | Killed Natasha
  2927 | D:4      | Reached XP level 6. HP: 11/38 MP: 6/6
  2975 | D:4      | Noticed Natasha
  2990 | D:4      | Killed from afar by Natasha

Illustrated notes

Levels and vault maps discovered:
D:1:      scummos_arrival_forest, layout_basic, serial_shops, shop,
          nicolae_shop_statue_plus, nicolae_shop_temple_entry_statues_fountains,
          shapermc_ecumenical_altar_starsandcircs
D:2:      layout_basic, minmay_pentomino_v2
D:3:      layout_basic, tgw_trog, st_stairs_13, chequers_hall_statues_y
D:4:      layout_basic, hangedman_decor_peaks_small,
          nicolae_nh_oracle_at_delphi, uniq_natasha

Skill      XL: |  1  2  3  4  5 |
---------------+----------------+-----
Long Blades    | 2 3 |  3.2
Shields        | 4 |  4.6
Armour         | 4 |  4.5
Dodging        | 1 |  1.3
Fighting       | 4 |  4.0

Action                   |  1- 3 |  4- 6 || total
-------------------------+-------+-------++-------
Melee: Long sword        |   114 |   220 ||   334
  Use: Scroll            |     2 |     9 ||    11
       Potion            |       |     3 ||     3
Armor: Scale mail        |    42 |       ||    42
       Chain mail        |    21 |   156 ||   177
Dodge: Dodged            |    56 |    85 ||   141
Block: Buckler           |    32 |    48 ||    80

Table legend: (Time is in decaauts)
 A = Elapsed time spent in this place.
 B = Non-inter-level travel time spent in this place.
 C = Inter-level travel time spent in this place.
 D = Time resting spent in this place.
 E = Time spent auto-exploring this place.
 F = Levels seen in this place.
 G = Mean time per level.
                   A        B        C        D        E       F      G
               +--------+--------+--------+--------+--------+-----+--------+
         Total |   3094 |   2995 |     99 |     35 |   2089 |   4 |  773.5 |
       Dungeon |   3094 |   2995 |     99 |     35 |   2089 |   4 |  773.5 |
               +--------+--------+--------+--------+--------+-----+--------+

Top non-repeatable levels by time:
     D:3: 1044 daAuts
     D:2: 897 daAuts
     D:1: 591 daAuts
     D:4: 562 daAuts
